 Dungeon Crawl Stone Soup version 0.30-a0-134-gb40fab5c76 (console) character file.

Game seed: 12648137941108294868

452 jejorda2 the Chopper (level 6, -1/52 HPs)
             Began as a Palentonga Berserker on Sept 19, 2022.
             Was a Priest of Trog.
             Killed by nerve-wracking pain
             ... invoked by an orc priest
              (2 damage)
             ... on level 5 of the Dungeon.
             The game lasted 00:10:18 (3326 turns).

jejorda2 the Chopper (Palentonga Berserker)         Turns: 3326, Time: 00:10:18

Health: -1/52      AC:  6    Str: 25    XL:     6   Next: 75%
Magic:  6/6        EV:  9    Int:  7    God:    Trog [***...]
Gold:   295        SH:  0    Dex: 11    Spells: 5/5 levels left

rFire   . . .      SeeInvis +    a - +9 exec axe {vorpal, Dex+2}
rCold   . . .      Faith    .    (shield currently unavailable)
rNeg    . . .      Spirit   .    q - +2 leather armour {rPois}
rPois   +          Reflect  .    (no helmet)
rElec   .          Harm     .    (no cloak)
rCorr   .          Rampage  .    (no gloves)
Will    .....                    (no barding)
Stlth   +.........               (no amulet)
HPRegen 0.17/turn                (no ring)
MPRegen 0.10/turn                (no ring)

@: about to teleport, on berserk cooldown, slowed, very slow
A: large, rugged brown scales 3, see invisible, deformed body, roll 1, armoured
tail
a: Rolling Charge, Renounce Religion, Berserk, Trog's Hand


You were on level 5 of the Dungeon.
You worshipped Trog.
Trog was most pleased with you.
You visited 1 branch of the dungeon, and saw 5 of its levels.

You collected 295 gold pieces.

Inventory:

Hand Weapons
 a - the +9 executioner's axe of the Solstice (weapon) {vorpal, Dex+2}
   (You acquired it on level 5 of the Dungeon)

   It inflicts extra damage upon your enemies.
   Dex:       It affects your dexterity (+2).
 y - a +0 flail
Missiles
 l - 36 stones
 u - 5 boomerangs
 B - 4 atropa-tipped darts
 C - 2 throwing nets
Armour
 q - a +2 leather armour of poison resistance (worn)
Wands
 b - a wand of flame (9)
 o - a wand of mindburst (11)
Scrolls
 c - a scroll of teleportation
 i - 2 scrolls of amnesia
 t - a scroll of magic mapping
Potions
 d - 2 potions of might {unknown}
 g - a potion of ambrosia {unknown}
 n - 2 potions of curing
 p - a potion of invisibility {unknown}
 r - a potion of degeneration {unknown}
 s - 4 potions of brilliance
 v - a potion of attraction {unknown}
 x - a potion of magic {unknown}
 A - a potion of berserk rage {unknown}
 D - a potion of flight {unknown}
 E - a potion of resistance


   Skills:
 + Level 4.5 Fighting
 * Level 5.8 Axes
 + Level 3.3 Armour
 - Level 1.5 Dodging


You had 5 spell levels left.
You didn't know any spells.
Your spell library was empty.

Dungeon Overview and Level Annotations

Branches:
Dungeon (5/15)             Temple (0/1) D:4

Altars:
Gozag


Innate Abilities, Weirdness & Mutations

You are completely covered in rugged brown scales. (AC +3, +7% HP)
You have supernaturally acute eyesight. (SInv)
Armour fits poorly on your strangely shaped body.
You can roll at nearby foes to attack.
You have a long armoured tail.


Message History

The gnoll sergeant hits you with a +0 trident!
The gnoll sergeant hits you with a +0 trident.
You completely miss the gnoll sergeant.
Your tail-slap misses the gnoll sergeant.
The gnoll sergeant is severely wounded.
The gnoll sergeant closely misses you.
An orc comes into view. It is wielding a +0 club.
You closely miss the gnoll sergeant.
The gnoll sergeant is severely wounded.
You slash the orc!
You kill the orc!
Trog accepts your kill.
You are no longer berserk.
You are exhausted.
You feel yourself slow down.
The gnoll sergeant hits you with a +0 trident!
You slice the gnoll sergeant!!
You kill the gnoll sergeant!
Trog accepts your kill.
An orc priest comes into view. It is wielding a +0 club.
You roll forward with a clatter of scales!
An orc priest and an orc come into view.
The orc priest shouts!
You slice the orc!!
You kill the orc!
Trog accepts your kill.
An ufetubus comes into view.
The orc priest looks satisfied for a moment.
The orc priest mumbles some strange prayers to Beogh against you.
Beogh smites you!
The orc priest invokes the aid of Beogh against you.
Beogh smites you!
* * * LOW HITPOINT WARNING * * *
The orc throws a boomerang.
The boomerang hits you.
* * * LOW HITPOINT WARNING * * *
As you read the scroll of teleportation, it crumbles to dust.
You feel strangely unstable.
The orc priest mumbles some strange prayers to Beogh against you.
Pain shoots through your body!
You die...

.........,,,,,,*,_,*,*,* *,*,,,
####.####***,..*,,,*...# *,*,**
****,#******,,.#*,##...** *,*,*
,,,,,,,,,,,,,,o.*,#...,,****,*,*
****,,,,,,,,,,#5*,#..,,,,,,,,*,*
****,,******,*#.*,#.#,,,******,*
,,,,,,* *,*#o#+#.#*,#* ***,*
*****,* #.##.))..##.# *,,,* *,*
#...o@).....# #.#** *,*
########.#### #.# *,*
*########...# #.#
*,***..........###### #.#
*,,,,.#######..##...####.####
******* #..##)...........
#.........##.#...
#.....[........##
#.#.......##.###


You could see 2 orc priests, an orc and an ufetubus.

Vanquished Creatures
  A phantom (D:5)
  An ogre (D:4)
  A gnoll sergeant (D:5)
  An orc priest (D:3)
  Jessica (D:3)
  3 gnolls (D:5)
  4 adders
  4 dart slugs
  9 orcs
  3 ball pythons
  11 bats
  8 endoplasms
  4 giant cockroaches
  13 goblins
  6 hobgoblins
  5 jackals
  2 quokkas
  A frilled lizard (D:2)
  9 kobolds
  5 rats
92 creatures vanquished.

Notes
Turn   | Place    | Note
-------+----------+-------------------------------------------
     0 | D:1      | jejorda2 the Palentonga Berserker began the quest for the
                  | Orb.
     0 | D:1      | Reached XP level 1. HP: 19/19 MP: 1/1
   139 | D:1      | Reached XP level 2. HP: 24/25 MP: 2/2
   545 | D:1      | Reached XP level 3. HP: 31/31 MP: 3/3
   550 | D:1      | Reached ** piety under Trog
   756 | D:1      | Found a faded altar of an unknown god.
  1064 | D:2      | Reached skill level 4 in Axes
  1133 | D:2      | Reached XP level 4. HP: 35/37 MP: 4/4
  1400 | D:2      | Found an opulent altar of Gozag.
  1775 | D:3      | Noticed Jessica
  1778 | D:3      | Killed Jessica
  2070 | D:3      | Reached *** piety under Trog
  2076 | D:3      | Reached XP level 5. HP: 44/44 MP: 5/5
  2500 | D:4      | Noticed an ogre
  2506 | D:4      | Killed an ogre
  2507 | D:4      | Reached skill level 5 in Axes
  2507 | D:4      | Reached XP level 6. HP: 51/51 MP: 6/6
  2695 | D:4      | Found a staircase to the Ecumenical Temple.
  2871 | D:5      | Entered Level 5 of the Dungeon
  3013 | D:5      | Identified a scroll of acquirement
  3013 | D:5      | Acquired the +9 executioner's axe of the Solstice {vorpal,
                  | Dex+2}
  3288 | D:5      | Identified the +8 longbow of the Many Eyes {venom, rElec
                  | Dex+2}
  3325 | D:5      | HP: 1/52 [orc/boomerang (2)]
  3326 | D:5      | Killed from afar by an orc priest

Illustrated notes

Levels and vault maps discovered:
D:1:      onia_arrival_mini_spirals, layout_basic,
          shapermc_ecumenical_altar_notcrosses, minmay_close_crescents
D:2:      layout_rooms, basic_altar, st_stairs_6, minmay_misc_feat_hallway
D:3:      layout_basic, uniq_jessica
D:4:      layout_basic, minmay_temple_entry_drinking_statues
D:5:      layout_loops_ring, mainiacjoe_overflow_surrounded_room

Skill      XL: |  1  2  3  4  5  6 |
---------------+-------------------+-----
Armour         | 2 3 |  3.3
Axes           | 4 5 |  5.8
Fighting       | 4 |  4.5
Dodging        | |  1.5

Action                   |  1- 3 |  4- 6 || total
-------------------------+-------+-------++-------
Melee: Hand axe          |    79 |    85 ||   164
       Tailslap          |     5 |    12 ||    17
       Punch             |     1 |       ||     1
       Executioner's axe |       |    13 ||    13
Invok: Berserk           |     1 |     4 ||     5
 Abil: Rolling Charge    |    23 |    26 ||    49
  Use: Scroll            |       |    17 ||    17
 Stab: Sleeping          |     2 |       ||     2
Armor: Animal skin       |    23 |     5 ||    28
       Leather armour    |       |    23 ||    23
Dodge: Dodged            |    32 |    40 ||    72

Table legend: (Time is in decaauts)
 A = Elapsed time spent in this place.
 B = Non-inter-level travel time spent in this place.
 C = Inter-level travel time spent in this place.
 D = Time resting spent in this place.
 E = Time spent auto-exploring this place.
 F = Levels seen in this place.
 G = Mean time per level.
                   A        B        C        D        E       F      G
               +--------+--------+--------+--------+--------+-----+--------+
         Total |   3385 |   3233 |    152 |    471 |   2261 |   5 |  677.0 |
       Dungeon |   3385 |   3233 |    152 |    471 |   2261 |   5 |  677.0 |
               +--------+--------+--------+--------+--------+-----+--------+

Top non-repeatable levels by time:
     D:1: 1053 daAuts
     D:4: 792 daAuts
     D:3: 712 daAuts
     D:2: 664 daAuts
     D:5: 162 daAuts
